 Dungeon Crawl Stone Soup version 0.32-a0-290-g598725c5f2 (webtiles) character file.

Game seed: 6660677439757420390

13933 CowFu the Fighter (level 12, 0/140 HPs)
             Began as an Oni Berserker on Feb 14, 2024.
             Was a High Priest of Trog.
             Slain by an unseen horror (6 damage)
             ... on level 10 of the Dungeon.
             The game lasted 00:17:40 (11049 turns).

CowFu the Fighter (Oni Berserker)                  Turns: 11049, Time: 00:17:41

Health: 0/140      AC:  8    Str: 34    XL:     12   Next: 11%
Magic:  12/12      EV: 13    Int:  8    God:    Trog [*****.]
Gold:   645        SH: 15    Dex:  8    Spells: 11/11 levels left

rFire   . . .        a - +4 war axe (vamp)
rCold   . . .        g - +1 tower shield
rNeg    . . .        G - +0 acid dragon scales
rPois   .            (helmet restricted)
rElec   .            z - +0 cloak
rCorr   +            (gloves unavailable)
SInv    .            (boots unavailable)
Will    +....        (no amulet)
Stlth   +            m - +6 ring of strength
HPRegen 0.43/turn    p - +5 ring of evasion
MPRegen 0.13/turn

%: no passive effects
@: no status effects
A: large, unfitting armour, horns 1, tough skin 1, double potion healing,
drunken brawling
a: Renounce Religion, Berserk, Trog's Hand, Brothers in Arms


You were on level 10 of the Dungeon.
You worshipped Trog.
Trog was extremely pleased with you.
You visited 1 branch of the dungeon, and saw 10 of its levels.

You collected 750 gold pieces.
You spent 105 gold pieces at shops.

Inventory:

Hand Weapons
 a - a +4 vampiric war axe (weapon)
 b - a +3 morningstar of freezing
 w - the +3 whip "Giant's Nightmare" {freeze, rF+}
   (You found it on level 6 of the Dungeon)

   rF+:       It protects you from fire.
Armour
 g - a +1 tower shield (worn)
 z - a +0 cloak (worn)
 G - +0 acid dragon scales (worn)
Jewellery
 m - a +6 ring of strength (left hand)
 p - a +5 ring of evasion (right hand)
 s - a +4 ring of protection
 u - a +6 ring of strength
 v - an amulet of regeneration
 y - a +5 ring of evasion
 K - a +6 ring of intelligence
Wands
 d - a wand of paralysis (22)
 o - a wand of polymorph (9)
 B - a wand of roots (5)
 E - a wand of acid (9)
Scrolls
 i - 4 scrolls of blinking
 k - 5 scrolls of teleportation
 n - a scroll of identify
 r - 4 scrolls of enchant armour
 A - a scroll of brand weapon
 C - 2 scrolls of vulnerability
 F - 4 scrolls of amnesia {unknown}
 H - a scroll of revelation {unknown}
 L - 2 scrolls of poison {unknown}
Potions
 c - 2 potions of enlightenment
 e - 2 potions of haste
 h - 3 potions of curing
 j - 5 potions of attraction
 l - a potion of mutation
 q - a potion of invisibility
 x - 3 potions of berserk rage
 D - a potion of magic
 M - a potion of brilliance {unknown}
 N - a potion of degeneration {unknown}


   Skills:
 + Level 14.8 Fighting
 + Level 11.4 Axes
 - Level 4.0 Dodging
 + Level 10.0 Shields


You had 11 spell levels left.
You didn't know any spells.
Your spell library was empty.

Dungeon Overview and Level Annotations

Branches:
Dungeon (10/15)            Temple (0/1) D:6            Lair (0/5) D:8
    Orc: D:9-12

Altars:
Ashenzari
Cheibriados
Dithmenos
Ru
Sif Muna
Uskayaw
Wu Jian
Beogh

Shops:
D:7 [   D:8 *:[(*

Annotations:
D:1 1 transporter


Innate Abilities, Weirdness & Mutations

You are too large for most types of armour.
You have a pair of small horns on your head.
You have tough skin. (AC +1)
You gain doubled healing and magic from potions.
Whenever you drink a healing potion, you attack all around you.


Message History

Items here: )) [ †.
Something hits you but does no damage.
Deactivating autopickup; reactivate with Ctrl-A.
You slash something! Your headbutt misses something. Something hits you.
* * * LOW HITPOINT WARNING * * *
Something hits you.
* * * LOW HITPOINT WARNING * * *
Something hits you.
* * * LOW HITPOINT WARNING * * *
Okay, then.
Okay, then.
Okay, then.
You take a swig of the potion and twirl your +4 vampiric war axe.
You barely miss something.
You savour every drop.
You feel better. Something hits you!
* * * LOW HITPOINT WARNING * * *
Something hits you but does no damage.
Items here: )) [ †.
You closely miss something. Something barely misses you.
You block something's attack. Something hits you.
* * * LOW HITPOINT WARNING * * *
Things that are here:
a howler monkey corpse; a howler monkey corpse You see here a killer bee corpse.
Something hits you.
* * * LOW HITPOINT WARNING * * *
You barely miss something. Your headbutt misses something.
Something barely misses you. Something hits you but does no damage.
You hit something. Your headbutt misses something. Something hits you.
* * * LOW HITPOINT WARNING * * *
Something hits you.
* * * LOW HITPOINT WARNING * * *
You block something's attack. Something hits you.
* * * LOW HITPOINT WARNING * * *
You barely miss something. You headbutt something.
Something hits you but does no damage. Something barely misses you.
Something hits you.
You die...

.# #)..#.#.### #))........
.# #.†.......# ##.).......#
.# ##........# #.)†.......#
.# #........# #..........♣
.# #........# #..........♣
## #........# ##†..........
# #........# #.†.....[..♣♣
#####....#'### #.#..........
...##....#.#####@#........♣.
##.##....#.##....#.........
#.......#.#..####.......
#.......#...........####
#.......#...........#
#.......+>....[.....#
#.......###.........
########......#######
..........##..#


There were no monsters in sight!

Vanquished Creatures
  3 two-headed ogres
  A deep elf pyromancer (D:10)
  An ugly thing (D:10)
  4 centaur zombies (D:10)
  A gargoyle (D:7)
  A freezing wraith (D:10)
  An unseen horror zombie (D:10)
  Jeremiah (D:6)
  A troll (D:10)
  A shadow (D:10)
  2 wyverns
  18 yaks
  2 steam dragons
  Edmund (D:6)
  2 acid dragons
  A sky beast (D:8)
  5 orc warriors
  An ice beast (D:7)
  4 black bears
  A centaur (D:8)
  2 ogres
  2 phantoms
  A tengu (shapeshifter) (D:10)
  Blork the orc (D:5)
  A kobold brigand (D:9)
  5 bullfrogs
  7 scorpions
  20 wights
  8 killer bees
  5 howler monkeys
  3 bombardier beetles
  5 hounds
  7 orc priests
  A jelly (D:4)
  Crazy Yiuf (D:6)
  A gnoll bouda (D:7)
  3 iguanas
  12 orc wizards
  4 sleepcaps
  9 gnolls
  7 adders
  A shadow imp (D:7)
  A white imp (D:6)
  4 ufetubi
  4 dart slugs
  44 orcs
  5 ball pythons
  4 bats
  11 endoplasms
  2 giant cockroaches
  7 goblins
  4 hobgoblins
  4 jackals
  4 quokkas
  A frilled lizard (D:2)
  13 kobolds
  6 rats
272 creatures vanquished.

Notes
Turn   | Place    | Note
-------+----------+-------------------------------------------
     0 | D:1      | CowFu the Oni Berserker began the quest for the Orb.
     0 | D:1      | Reached XP level 1. HP: 24/24 MP: 1/1
   154 | D:1      | Reached XP level 2. HP: 25/32 MP: 2/2
   489 | D:1      | Reached XP level 3. HP: 31/40 MP: 3/3
  1369 | D:2      | Reached skill level 1 in Shields
  1443 | D:2      | Found a faded altar of an unknown god.
  1503 | D:2      | Reached XP level 4. HP: 49/49 MP: 4/4
  1620 | D:2      | Reached ** piety under Trog
  1697 | D:2      | Reached skill level 5 in Fighting
  2131 | D:3      | Reached XP level 5. HP: 14/57 MP: 5/5
  2901 | D:4      | Reached XP level 6. HP: 66/66 MP: 6/6
  3463 | D:4      | Reached skill level 6 in Fighting
  3474 | D:4      | Reached *** piety under Trog
  4119 | D:5      | Entered Level 5 of the Dungeon
  4127 | D:5      | Reached XP level 7. HP: 74/76 MP: 7/7
  4144 | D:5      | Found an ornate altar of the Wu Jian Council.
  4144 | D:5      | Found a sacrificial altar of Ru.
  4239 | D:5      | Reached skill level 5 in Axes
  4272 | D:5      | Noticed Blork the orc
  4282 | D:5      | Killed Blork the orc
  4283 | D:5      | Reached skill level 7 in Fighting
  4409 | D:5      | Reached XP level 8. HP: 69/87 MP: 8/8
  5078 | D:6      | Reached skill level 8 in Fighting
  5392 | D:6      | Noticed Edmund
  5403 | D:6      | Killed Edmund
  5407 | D:6      | Reached skill level 5 in Shields
  5515 | D:6      | Found a shadowy altar of Dithmenos.
  5532 | D:6      | Reached skill level 9 in Fighting
  5547 | D:6      | Reached XP level 9. HP: 48/94 MP: 9/9
  5697 | D:6      | Identified the +3 whip "Giant's Nightmare" {freeze, rF+}
  5700 | D:6      | Found a staircase to the Ecumenical Temple.
  5711 | D:6      | HP: 3/96 [steam dragon/ball of steam (8)]
  5712 | D:6      | HP: 1/96 [steam dragon (1)]
  6120 | D:6      | Found a runed translucent door.
  6121 | D:6      | Noticed Crazy Yiuf
  6277 | D:6      | Noticed Jeremiah
  6302 | D:6      | Killed Jeremiah
  6579 | D:6      | Killed Crazy Yiuf
  6877 | D:7      | Reached **** piety under Trog
  6998 | D:7      | Reached skill level 10 in Fighting
  7103 | D:7      | Found Qalyva's Armour Shop.
  7149 | D:7      | Found a hide-covered altar of Uskayaw.
  7205 | D:7      | Found a broken altar of Ashenzari.
  7255 | D:7      | Noticed a gargoyle
  7262 | D:7      | Killed a gargoyle
  7805 | D:8      | Found a transporter.
  7809 | D:8      | Found a transporter.
  7836 | D:8      | Reached XP level 10. HP: 63/111 MP: 10/10
  7838 | D:8      | Reached skill level 11 in Fighting
  8232 | D:8      | Found Kirhian's Book Emporium.
  9030 | D:8      | Found Tugoton's Assorted Antiques.
  9055 | D:8      | Reached skill level 12 in Fighting
  9079 | D:8      | Found a staircase to the Lair.
  9226 | D:8      | Found Jubruz's Antique Armour Shoppe.
  9265 | D:8      | Found Isiposhe's Weapon Emporium.
  9479 | D:8      | Found a roughly hewn altar of Beogh.
  9564 | D:8      | Found a shimmering blue altar of Sif Muna.
  9683 | D:8      | Found Xinoam's General Store.
  9701 | D:8      | Bought a scroll of enchant weapon for 105 gold pieces
  9958 | D:8      | Reached ***** piety under Trog
  9964 | D:8      | Identified the +1 pair of boots of Hubris {Harm MP+9}
 10068 | D:9      | Reached XP level 11. HP: 65/124 MP: 11/11
 10264 | D:9      | Noticed a two-headed ogre
 10273 | D:9      | Killed a two-headed ogre
 10274 | D:9      | Reached skill level 13 in Fighting
 10274 | D:9      | Reached skill level 10 in Axes
 10695 | D:10     | Entered Level 10 of the Dungeon
 10732 | D:10     | Received a gift from Trog
 10862 | D:10     | Found a snail-covered altar of Cheibriados.
 10960 | D:10     | Noticed a deep elf pyromancer
 10966 | D:10     | Noticed a two-headed ogre
 10984 | D:10     | Reached skill level 14 in Fighting
 10989 | D:10     | Killed a two-headed ogre
 10992 | D:10     | HP: 4/130 [fire elemental[a deep elf pyromancer] (8)]
 10995 | D:10     | Killed a deep elf pyromancer
 11014 | D:10     | Reached XP level 12. HP: 67/140 MP: 12/12
 11019 | D:10     | Noticed a two-headed ogre
 11027 | D:10     | Killed a two-headed ogre
 11028 | D:10     | Reached skill level 10 in Shields
 11031 | D:10     | HP: 7/140 [something (3)]
 11045 | D:10     | HP: 7/140 [something (3)]
 11049 | D:10     | Slain by an unseen horror

Illustrated notes

Levels and vault maps discovered:
D:1:      spicycebolla_arrival_transporter_tutorial, layout_loops_corners
D:2:      layout_loops_ring, chequers_ecumenical_altar_simple,
          serial_bayou_pond_d
D:3:      layout_rooms
D:4:      layout_layer_cave, minmay_pentomino_pile
D:5:      layout_rooms, gammafunk_temple_overflow_pools,
          chequers_serial_rivers_large_b, uniq_blork_the_orc
D:6:      layout_loops_corners, overflow_temple_1_default,
          minmay_temple_entry_hall, uniq_jeremiah, uniq_edmund,
          uniq_crazy_yiuf_cottage
D:7:      layout_basic, old_standard_altar, eat_drink_and_be_merry_uskayaw,
          serial_shops, nicolae_take_the_stairs
D:8:      gammafunk_beogh_shrine, layout_cave_pods, marbit_many_paths,
          grunt_lair_entry_orc_guard_hut, serial_shops, shop, shop, shop, shop,
          shop, minivault_1, chequers_avenue, minmay_misc_feat_cross,
          hangedman_abyss_or_decor_stagger, dk_noncrumbling_4,
          grunt_ministairs_3, kennysheep_opposing_triangles
D:9:      layout_rooms
D:10:     minmay_bloctagon, layout_basic, kennysheep_little_box,
          nicolae_yredelemnul_corpse_copse, hiddenorc2_lemuel,
          roderic_roman_lattice

Skill      XL: |  1  2  3  4  5  6  7  8  9 10 11 12 |
---------------+-------------------------------------+-----
Dodging        | 3 4 |  4.0
Shields        | 1 2 4 5 6 8 9 10 | 10.0
Fighting       | 5 6 7 9 10 12 14 | 14.8
Axes           | 4 5 6 8 9 11 | 11.4

Action                     |  1- 3 |  4- 6 |  7- 9 | 10-12 || total
---------------------------+-------+-------+-------+-------++-------
  Melee: Hand axe          |    90 |   148 |       |       ||   238
         Headbutt          |     6 |    24 |    55 |    65 ||   150
         War axe           |       |     7 |   305 |   291 ||   603
         Unarmed           |       |       |     5 |       ||     5
    Use: Scroll            |       |     5 |     6 |     9 ||    20
         Potion            |       |     1 |     2 |     6 ||     9
 Armour: Animal skin       |    61 |    96 |   186 |    76 ||   419
         Skin              |       |       |     1 |       ||     1
         Acid dragon scale |       |       |       |   180 ||   180
  Dodge: Dodged            |    27 |    77 |   143 |   189 ||   436
  Block: Tower shield      |    42 |    88 |   258 |   354 ||   742

Table legend: (Time is in decaauts)
 A = Elapsed time spent in this place.
 B = Non-inter-level travel time spent in this place.
 C = Inter-level travel time spent in this place.
 D = Time resting spent in this place.
 E = Time spent auto-exploring this place.
 F = Levels seen in this place.
 G = Mean time per level.
                   A        B        C        D        E       F      G
               +--------+--------+--------+--------+--------+-----+--------+
         Total |  11316 |  11086 |    230 |      0 |   8906 |  10 | 1131.6 |
       Dungeon |  11316 |  11086 |    230 |      0 |   8906 |  10 | 1131.6 |
               +--------+--------+--------+--------+--------+-----+--------+

Top non-repeatable levels by time:
     D:8: 1995 daAuts
     D:6: 1741 daAuts
     D:4: 1414 daAuts
     D:1: 1333 daAuts
     D:7: 1302 daAuts
     D:5: 982 daAuts
     D:2: 800 daAuts
     D:9: 702 daAuts
     D:3: 662 daAuts
    D:10: 382 daAuts
